AoeStats
← The1AndOnlyKarl

Black Forest

504520877Analyzed
1v1 RM · 27d ago on Sep 5, 2026· 49m 12s· 2 players
Game mode
Random Map
Map size
Tiny (2 player)
Population
200
Speed
Normal
Resources
Standard
Victory
Conquest
Starting age
Dark Age
Ending age
Imperial Age
RankedLock teamsTeams togetherTeam positionsShared explorationLock speedFull tech treeHidden civsTurbo modeCheats
Victory
Defeat
🇩🇪 Khmer · Germany
866
+15
🇱🇹 Burgundians · Lithuania
842
-15
SimonTheAoENoob
1:06 Loom
12:25 Feudal Age
12:16 Horse Collar
12:23 Double-Bit Axe
13:31 Bow Saw
14:02 Wheelbarrow
17:49 Castle Age
16:22 Stone Mining
16:46 Town Watch
21:38 Heavy Plow
23:00 Gold Mining
24:42 Stone Shaft Mining
25:40 Fervor
25:00 Pikeman
28:01 Gold Shaft Mining
28:55 Hand Cart
29:21 Town Patrol
32:41 Imperial Age
30:40 Squires
30:44 Husbandry
32:29 Two-Man Saw
32:19 Crop Rotation
32:36 Ballistics
32:12 Cavalier
33:28 Man-at-Arms
34:26 Forging
34:21 Scale Barding Armor
34:08 Fletching
35:22 Chemistry
35:37 Conscription
35:28 Paladin
35:28 Light Cavalry
37:27 Masonry
37:03 Treadmill Crane
38:28 Burgundian Vineyards
38:21 Onager
39:28 Elite Skirmisher
40:24 Halberdier
41:42 Illumination
42:57 Hoardings
43:13 Iron Casting
42:59 Chain Barding Armor
42:40 Scale Mail Armor
42:40 Padded Archer Armor
42:36 Bodkin Arrow
43:24 Arson
45:50 Bombard Tower
46:44 Flemish Revolution
The1AndOnlyKarl
1:02 Loom
11:24 Feudal Age
14:31 Castle Age
14:32 Double-Bit Axe
14:29 Horse Collar
14:41 Stone Mining
18:47 Bow Saw
22:49 Wheelbarrow
22:49 Heavy Plow
22:43 Gold Mining
24:33 Hand Cart
24:39 Town Watch
30:28 Imperial Age
28:07 Scale Barding Armor
28:13 Forging
27:53 Fletching
30:09 Fortified Wall
30:19 Ballistics
30:10 Masonry
29:56 Murder Holes
30:23 Chain Barding Armor
32:38 Plate Barding Armor
32:38 Iron Casting
31:59 Bodkin Arrow
33:07 Chemistry
32:33 Town Patrol
33:04 Conscription
33:52 Crop Rotation
34:14 Architecture
36:49 Blast Furnace
35:50 Bracer
35:15 Elite Ballista Elephant
35:56 Double Crossbow
35:22 Light Cavalry
36:12 Bloodlines
36:03 Husbandry
37:14 Gold Shaft Mining
37:14 Stone Shaft Mining
37:24 Siege Engineers
36:47 Hussar
39:38 Hoardings
39:35 Devotion
43:01 Faith
Connection lost

Rejoining the realm…

Still unreachable

The connection could not be restored.

Session expired

The server has moved on; the page needs a fresh start.